Map: 옥사이드 - 래더

Players

Stats - Winner!

  • Race: Protoss Protoss
  • Spawn Location: 1:00

Harstem

  • Race: Protoss Protoss
  • Spawn Location: 7:00

Event: StayAtHome Story Cup #3

VOD

Have the link to the VOD?

Description

Time

  • Played on: March 11, 2021, 8:40 a.m.
  • Length: 9:02

All games in this series

Show
View Real Time Build Order
Export as new Build Order

Stats Protoss - Winner!

Build Orders: Phoenix Opening 

Get SALT Encoding   

  12  0:00  Probe  
  13  0:12  Probe  
  14  0:18  Pylon  
  14  0:24  Probe (Chrono Boost)  
  15  0:36  Probe (Chrono Boost)  
  15  0:40  Gateway  
  16  0:45  Probe (Chrono Boost)  
  17  0:50  Assimilator  
  17  0:51  Probe  
  18  0:58  Assimilator  
  18  1:03  Probe (Chrono Boost)  
  19  1:08  Pylon  
  19  1:13  Probe (Chrono Boost)  
  20  1:18  Probe (Chrono Boost)  
  21  1:27  Cybernetics Core  
  21  1:29  Probe  
  22  1:33  Zealot  
  24  1:41  Probe  
  25  1:48  Pylon  
  25  1:55  Probe  
  26  2:02  Stalker (Chrono Boost)  
  26  2:04  Warp Gate  
  28  2:14  Pylon  
  28  2:15  Cybernetics Core  
  28  2:25  Sentry  
  30  2:30  Probe  
  31  2:45  Nexus  
  31  2:48  Probe  
  34  2:51  Sentry  
  34  2:58  Phoenix  
  34  3:00  Probe  
  34  3:02  Pylon  
  35  3:11  Gateway  
  35  3:14  Probe  
  36  3:26  Probe  
  37  3:28  Twilight Council  
  37  3:38  Probe (Chrono Boost)  
  38  3:41  Phoenix  
  39  3:49  Forge  
  39  3:50  Probe (Chrono Boost)  
  39  3:54  Sentry  
  41  3:56  Probe (Chrono Boost)  
  41  3:57  Probe (Chrono Boost)  
  43  4:04  Blink  
  43  4:07  Probe (Chrono Boost)  
  43  4:09  Probe (Chrono Boost)  
  45  4:12  Probe (Chrono Boost)  
  45  4:13  Robotics Facility  
  45  4:15  Assimilator  
  47  4:20  Protoss Ground Weapons Level 1 (Chrono Boost)  
  47  4:21  Probe (Chrono Boost)  
  47  4:23  Probe (Chrono Boost)  
  48  4:30  Probe (Chrono Boost), Phoenix, Pylon  
  50  4:31  Probe (Chrono Boost)  
  50  4:39  Probe  
  50  4:41  Probe  
  50  4:45  Pylon  
  52  4:49  Gateway  
  52  4:50  Gateway  
  52  5:01  Observer, Stalker x2  
  57  5:08  Nexus  
  57  5:11  Pylon  
  57  5:18  Warp Prism (Chrono Boost)  
  59  5:28  Stalker x2  
  59  5:31  Probe x2  
  65  5:35  Shield Battery  
  65  5:45  Stalker x2  
  65  5:49  Probe x2  
  71  5:52  Stalker x2  
  71  5:53  Observer  
  75  6:01  Probe x2  
  77  6:11  Stalker x2  
  77  6:15  Phoenix  
  77  6:17  Stalker x2  
  85  6:19  Protoss Ground Weapons Level 2 (Chrono Boost)  
  85  6:20  Probe x3, Charge  
  88  6:32  Probe x3  
  91  6:35  Gateway  
  91  6:36  Gateway  
  91  6:42  Gateway  
  91  6:44  Gateway  
  91  6:47  Probe x3  
  91  6:51  Pylon  
  94  6:54  Pylon  
  94  7:01  Probe  
  95  7:17  Gateway  
  95  7:18  Probe  
  95  7:20  Gateway  
  95  7:21  Templar Archives  
  96  7:24  Zealot x3  
  96  7:25  Zealot  
  104  7:31  Nexus  
  104  7:33  Pylon  
  104  7:47  Zealot x4  
  104  7:48  Zealot x2  
  104  7:50  Pylon x2  
  116  7:52  Zealot x2  
  116  7:58  Probe x3  
  123  7:59  Shield Battery  
  123  8:04  Pylon  
  123  8:12  High Templar x2, Pylon  
  125  8:13  High Templar x2, Zealot x5  
  125  8:17  Archon x2  
  141  8:25  Zealot, Pylon x2  
  143  8:37  Zealot x5  
  147  8:51  Zealot x5  
Show
View Real Time Build Order
Export as new Build Order

Harstem Protoss 

Build Orders: Phoenix Opening, Blink Stalkers 

Get SALT Encoding   

  12  0:00  Probe  
  13  0:12  Probe  
  14  0:19  Pylon  
  14  0:24  Probe  
  15  0:37  Probe (Chrono Boost)  
  15  0:40  Gateway  
  16  0:46  Probe (Chrono Boost)  
  16  0:47  Assimilator  
  17  0:52  Probe (Chrono Boost)  
  17  0:56  Assimilator  
  18  1:04  Probe  
  19  1:16  Probe  
  20  1:27  Cybernetics Core  
  20  1:28  Probe  
  20  1:29  Pylon  
  20  1:30  Zealot  
  23  1:47  Probe  
  24  1:59  Probe  
  25  2:02  Sentry (Chrono Boost)  
  27  2:10  Pylon  
  27  2:11  Probe  
  27  2:13  Warp Gate  
  27  2:15  Pylon  
  28  2:23  Probe, Pylon  
  28  2:27  Stalker  
  30  2:42  Phoenix  
  30  2:43  Probe  
  31  2:47  Twilight Council  
  31  2:55  Probe  
  32  2:58  Gateway  
  32  3:06  Nexus  
  32  3:09  Probe  
  35  3:16  Pylon  
  35  3:21  Probe  
  35  3:24  Blink (Chrono Boost)  
  36  3:33  Probe  
  37  3:36  Sentry  
  37  3:45  Probe (Chrono Boost)  
  37  3:46  Forge  
  39  3:56  Probe (Chrono Boost)  
  39  4:01  Probe (Chrono Boost)  
  40  4:08  Nexus  
  40  4:11  Sentry  
  43  4:18  Probe (Chrono Boost)  
  43  4:19  Probe (Chrono Boost), Protoss Ground Weapons Level 1 (Chrono Boost)  
  44  4:29  Probe (Chrono Boost)  
  44  4:30  Probe (Chrono Boost)  
  46  4:35  Probe, Pylon  
  47  4:39  Probe  
  47  4:44  Gateway  
  48  4:47  Probe  
  48  4:50  Gateway  
  48  4:51  Probe, Phoenix  
  50  4:59  Probe  
  51  5:00  Stalker  
  51  5:03  Robotics Facility  
  51  5:06  Stalker  
  55  5:08  Probe  
  55  5:11  Probe  
  55  5:12  Assimilator  
  57  5:20  Probe  
  59  5:21  Probe  
  59  5:24  Probe, Stalker  
  62  5:29  Stalker  
  62  5:32  Probe  
  62  5:33  Probe  
  66  5:36  Probe  
  67  5:43  Stalker  
  67  5:44  Probe, Shield Battery  
  67  5:45  Pylon  
  67  5:48  Stalker  
  72  5:50  Probe  
  72  5:51  Observer  
  72  5:55  Stalker x2  
  78  5:58  Probe  
  78  6:00  Pylon  
  78  6:02  Probe  
  80  6:05  Shield Battery  
  80  6:08  Pylon  
  80  6:10  Stalker  
  80  6:11  Probe  
  83  6:18  Stalker  
  86  6:21  Stalker  
  86  6:22  Stalker  
  86  6:23  Probe  
  86  6:24  Probe  
  90  6:29  Protoss Ground Weapons Level 2 (Chrono Boost)  
  91  6:35  Probe  
  91  6:36  Probe, Charge  
  91  6:38  Gateway  
  91  6:39  Gateway  
  92  6:40  Probe  
  92  6:44  Assimilator  
  93  6:50  Probe  
  94  7:00  Gateway x2  
  94  7:07  Probe  
  95  7:14  Phoenix  
  95  7:17  Nexus, Zealot x4  
  95  7:18  Pylon  
  103  7:26  Probe  
  102  7:32  Probe, Immortal (Chrono Boost)  
  102  7:33  Probe  
  102  7:35  Templar Archives  
  108  7:38  Photon Cannon  
  108  7:39  Pylon  
  108  7:43  Pylon  
  109  7:44  Probe  
  109  7:45  Shield Battery  
  109  7:49  Probe x2, Pylon  
  111  7:56  Probe  
  112  8:01  Probe  
  112  8:02  Pylon  
  112  8:05  Photon Cannon  
  113  8:06  Pylon  
  113  8:12  High Templar  
  115  8:13  High Templar  
  115  8:15  Pylon  
  115  8:18  Archon, High Templar x2  
  115  8:19  Zealot x4  
  129  8:21  Probe  
  129  8:22  Pylon  
  129  8:23  Probe  
  129  8:24  Archon  
  129  8:25  Pylon  
  130  8:39  Zealot x2  
  130  8:40  Zealot x2  
  129  8:47  Zealot  
  129  8:48  Zealot x2  
  122  8:51  Zealot  
Tags
 
Add a new tag
Caveats
  • Supply blocks, unpowered buildings, or Contaminate may cause inaccurate times.
  • Supply counts are checked every 10 seconds.